 Dungeon Crawl Stone Soup version 0.26-a0-958-gf3041fb45f (webtiles) character file.

Game seed: 3442986581655329023

7155 Dracia the Grappler (level 10, -1/78 HPs)
             Began as a Grey Draconian Transmuter on Dec 1, 2020.
             Was a Believer of Wu Jian.
             Slain by a demonic crawler (3 damage)
             ... on level 1 of the Lair of Beasts.
             The game lasted 00:25:34 (11798 turns).

Dracia the Grappler (Grey Draconian Transmuter)    Turns: 11798, Time: 00:25:35

Health: -1/78      AC: 12    Str: 15    XL:     10   Next: 86%
Magic:  3/11       EV: 12    Int: 15    God:    Wu Jian [**....]
Gold:   354        SH:  0    Dex: 11    Spells: 3/13 levels left

rFire    . . .     SeeInvis +     - Unarmed
rCold    . . .     Faith    .   (no shield)
rNeg     . . .     Spirit   .   (armour unavailable)
rPois    .         Reflect  .   (helmet restricted)
rElec    .         Harm     .   (no cloak)
rCorr    .         Rampage  .   (no gloves)
MR       .....                  (no boots)
Stlth    +.........             i - amulet of regeneration
HPRegen  0.63/turn              v - +4 ring of slaying
MPRegen  0.12/turn              w - ring of see invisible

@: very slightly contaminated
A: walk through water, unfitting armour, hooves 1, horns 1, low mp 1, robust 1,
unbreathing, cold-blooded, AC +12
a: Wall Jump, Renounce Religion


You were on level 1 of the Lair of Beasts.
You worshipped Wu Jian.
Wu Jian was pleased with you.
You visited 3 branches of the dungeon, and saw 12 of its levels.

You collected 466 gold pieces.
You spent 112 gold pieces at shops.


Innate Abilities, Weirdness & Mutations

You can walk through water.
Your dull iron-grey scales are very hard. (AC +12)
You cannot fit into any form of body armour.
You can survive without breathing.
You are cold-blooded and may be slowed by cold attacks.
You have large cloven feet.
You have a pair of small horns on your head.
Your magical capacity is low. (-10% MP)
You are robust. (+10% HP)


   Skills:
 - Level 1.1 Fighting
 - Level 1.7 Dodging
 + Level 12.0 Unarmed Combat
 - Level 2.0 Spellcasting
 - Level 6.6 Transmutations
 - Level 8.0 Ice Magic
 + Level 5.7 Evocations


You had 3 spell levels left.
You knew the following spells:

 Your Spells              Type           Power        Failure   Level
a - Beastly Appendage     Tmut           ###...       1%          1
b - Wereblood             Tmut           ###.....     2%          2
c - Spider Form           Tmut/Pois      ##........   17%         3
d - Ice Form              Ice/Tmut       ###.....     11%         4

Your spell library contained the following spells:

 Spells                   Type           Power        Failure   Level
 Blade Hands              Tmut           ###.......   36%         5

Inventory:

Missiles
 x - 42 arrows
Armour
 j - a scarf of invisibility
Jewellery
 d - an uncursed amulet of the acrobat
 i - an amulet of regeneration (around neck)
 o - an uncursed ring of fire
 p - an uncursed ring of protection from cold
 t - an uncursed ring of ice
 v - a +4 ring of slaying (left hand)
 w - a ring of see invisible (right hand)
 y - an uncursed amulet of magic regeneration {unknown}
Wands
 h - a wand of iceblast (17)
 u - a wand of digging (7)
Scrolls
 a - a scroll of amnesia
 e - 7 scrolls of identify {@r1}
 f - 3 scrolls of remove curse {@r2}
 g - a scroll of enchant armour {unknown}
 k - 6 scrolls of teleportation {@r4}
 l - 2 scrolls of enchant weapon
 m - 4 scrolls of fog
 n - 3 scrolls of magic mapping
 q - a scroll of blinking
Potions
 b - a potion of magic
 c - 4 potions of brilliance
 r - a potion of resistance
 s - 2 potions of haste {@q3}
 z - a potion of berserk rage {!q}
 B - a potion of might
 C - a potion of mutation

Dungeon Overview and Level Annotations

Branches:
Dungeon (10/15)            Temple (1/1) D:4            Lair (1/6) D:8
    Orc: D:9-12

Altars:
Ashenzari
Cheibriados
Dithmenos
Elyvilon
Fedhas
Gozag
Hepliaklqana
Kikubaaqudgha
Makhleb
Nemelex Xobeh
Okawaru
Qazlal
Ru
Sif Muna
Trog
Uskayaw
Vehumet
Wu Jian
Xom
Yredelemnul
Zin
The Shining One

Shops:
D:5 ?   D:8 [

Annotations:
D:3 3 runed translucent doors, Trueduck's ghost, amateur DENe
D:8 1 runed translucent door, pentaxis93's ghost, novice DrTm

..≈≈≈≈≈≈............##
..≈≈≈≈≈.<......#.....#
.#.#.≈≈≈≈≈....#....#...##
.....≈≈≈≈≈≈≈............#
....#.≈≈≈≈...............
............≈..............#
#............................#
#..............S........†.....#
#............w@sY.#...........#
#.........#..w#Y###...........#
+.....#........Y..#....#......#
..##............................#
....................#..........##
..#.................#..........P
..#..#....#.........#..........#
.... #...##.........#.........
.... #...##.≈≈≈≈≈≈≈†....######


You could see a demonic crawler, 3 yaks, 2 swamp worms and a water moccasin.


Message History

You are very lightly contaminated with residual magic.
Nothing appears to happen.
The yak completely misses you. The water moccasin misses you.
The demonic crawler completely misses you.
The demonic crawler barely misses you. The demonic crawler hits you.
Casting: Ice Form (dangerous; 11% risk of failure)
Confirm with . or Enter, or press ? or * to list all spells.
You miscast Ice Form.
You are encased in ice!
The swamp worm bites you but does no damage.
The water moccasin bites you.
* * * LOW HITPOINT WARNING * * *
You are poisoned.
The water moccasin poisons you! The yak gores you.
* * * LOW HITPOINT WARNING * * *
The demonic crawler hits you!
* * * LOW HITPOINT WARNING * * *
The demonic crawler hits you but does no damage.
The demonic crawler hits you.
* * * LOW HITPOINT WARNING * * *
The swamp worm bites you.
* * * LOW HITPOINT WARNING * * *
The swamp worm bites you!
* * * LOW HITPOINT WARNING * * *
Unknown command.
You feel better. The water moccasin barely misses you.
The demonic crawler hits you but does no damage.
The demonic crawler hits you!
* * * LOW HITPOINT WARNING * * *
The demonic crawler hits you.
You die...

Skill      XL: |  1  2  3  4  5  6  7  8  9 10 |
---------------+-------------------------------+-----
Transmutations | 3 4 5 6 |  6.6
Unarmed Combat | 4 5 6 7 8 10 12 | 12.0
Ice Magic      | 1 5 7 8 |  8.0
Evocations     | 5 |  5.7
Fighting       | |  1.1
Dodging        | |  1.7
Spellcasting   | |  2.0

Action                   |  1- 3 |  4- 6 |  7- 9 | 10-12 || total
-------------------------+-------+-------+-------+-------++-------
Melee: Unarmed           |    59 |   209 |   315 |   123 ||   706
       Punch             |     2 |     5 |     7 |     3 ||    17
       Kick              |    10 |    25 |    48 |    22 ||   105
       Headbutt          |     4 |    14 |    29 |    17 ||    64
       Tailslap          |     2 |    11 |    28 |    16 ||    57
 Cast: Beastly Appendage |    14 |    23 |    32 |    10 ||    79
       Wereblood         |     9 |    21 |    27 |     9 ||    66
       Ice Form          |       |       |     3 |       ||     3
       Spider Form       |       |       |     1 |     2 ||     3
Invok: Lunge             |       |       |    13 |    11 ||    24
       Whirlwind         |       |       |     1 |     1 ||     2
  Use: Potion            |       |     8 |     4 |     4 ||    16
       Scroll            |       |    10 |     1 |       ||    11
 Stab: Sleeping          |       |       |     2 |       ||     2
Armor: Skin              |    18 |    70 |   137 |    37 ||   262
Dodge: Dodged            |    39 |   139 |   165 |    60 ||   403

Levels and vault maps discovered:
D:1:      lemuel_arrival_broad_hall, layout_rooms
D:2:      layout_basic, minmay_misc_feat_alley
D:3:      layout_rooms, gammafunk_ghost_icy, chequers_ecumenical_altar_grove
D:4:      kennysheep_goblin_castle, layout_loops_corners,
          minmay_temple_entry_wispy
D:5:      layout_basic, old_standard_altar, serial_shops, shop_statue,
          minmay_misc_feat_chi, grunt_decor_mini_mirrors
D:6:      layout_basic, general_overflow_altar, uniq_sigmund
D:7:      layout_loops_corners, fedhas_altar_4,
          chequers_temple_overflow_statue_of_worship
D:8:      layout_rooms, david_lair_generic, serial_shops, kennysheep_mini,
          ebering_ghost_xom
D:9:      layout_rooms, grunt_temple_overflow_lords_of_destruction,
          grunt_temple_overflow_diamond
D:10:     minmay_the_grid_4x2 [minmay_the_grid_minigrid_small_alt,
          minmay_the_grid_dragon_a, minmay_the_grid_aliased_spiral,
          minmay_the_grid_embedded, minmay_the_grid_pillar_ring,
          minmay_the_grid_slots, minmay_the_grid_holed_spiral,
          minmay_the_grid_prize_trominoes], layout_basic, serial_shops, shop,
          minmay_guarded_unrand_variability, uniq_erica
Temple:   jpeg_temple_alley_garden
Lair:1:   layout_gridlike, worms_lemuel, minmay_lair_oklob_chamber,
          grunt_megastairs_3, infiniplex_staircase_pool

Notes
Turn   | Place    | Note
-------+----------+-------------------------------------------
     0 | D:1      | Dracia the Draconian Transmuter began the quest for the
                  | Orb.
     0 | D:1      | Reached XP level 1. HP: 16/16 MP: 3/3
   310 | D:1      | Reached XP level 2. HP: 23/23 MP: 5/5
   313 | D:1      | Learned a level 2 spell: Wereblood
   860 | D:2      | Reached skill level 3 in Transmutations
   860 | D:2      | Reached XP level 3. HP: 28/28 MP: 2/6
  1101 | D:2      | Reached skill level 4 in Unarmed Combat
  2012 | D:3      | Reached XP level 4. HP: 27/35 MP: 3/7
  2443 | D:3      | Found a runed translucent gate.
  2443 | D:3      | Found a runed translucent gate.
  2443 | D:3      | Found a runed translucent gate.
  2507 | D:3      | Reached skill level 4 in Transmutations
  2507 | D:3      | Reached XP level 5. HP: 23/40 MP: 5/8
  2769 | D:3      | Learned a level 3 spell: Spider Form
  2774 | D:3      | Found a faded altar of an unknown god.
  3399 | D:3      | Noticed Trueduck's ghost (amateur DENe)
  3443 | D:3      | Identified a potion of resistance
  3769 | D:4      | Reached skill level 5 in Unarmed Combat
  3776 | D:4      | HP: 4/40 [ball python (1)]
  4038 | D:4      | Reached XP level 6. HP: 40/47 MP: 9/9
  4219 | D:4      | Found a staircase to the Ecumenical Temple.
  4386 | D:4      | Reached skill level 5 in Transmutations
  4902 | Temple   | Entered the Ecumenical Temple
  5747 | D:5      | Entered Level 5 of the Dungeon
  5763 | D:5      | Reached skill level 6 in Unarmed Combat
  5767 | D:5      | Your scales start taking on a dull iron-grey colour.
  5767 | D:5      | Reached XP level 7. HP: 36/52 MP: 7/10
  5767 | D:5      | Gained mutation: You can survive without breathing. [Grey
                  | Draconian growth]
  5782 | D:5      | Reached skill level 6 in Transmutations
  5791 | D:5      | HP: 5/52 [centaur/arrow (4)]
  6319 | D:5      | Identified a +2 robe of resistance
  6347 | D:5      | Reached skill level 7 in Unarmed Combat
  6378 | D:5      | Learned a level 4 spell: Ice Form
  6590 | D:5      | Reached skill level 1 in Ice Magic
  6590 | D:5      | Reached XP level 8. HP: 58/59 MP: 8/11
  6657 | D:5      | Found Sacovol's Magic Scroll Boutique.
  6685 | D:5      | Bought a scroll of blinking for 112 gold pieces
  6698 | D:5      | Gained mutation: You are weak. (Str -2) [mutagenic glow]
  6710 | D:5      | Reached skill level 2 in Ice Magic
  7037 | D:5      | Found an ornate altar of the Wu Jian Council.
  7118 | D:5      | Became a worshipper of the Wu Jian Council
  7155 | D:6      | Noticed Sigmund
  7381 | D:6      | Killed Sigmund
  7455 | D:6      | Reached skill level 3 in Ice Magic
  7660 | D:6      | Reached skill level 8 in Unarmed Combat
  7878 | D:6      | Found a broken altar of Ashenzari.
  8491 | D:7      | Reached skill level 4 in Ice Magic
  9070 | D:7      | Reached skill level 5 in Ice Magic
  9070 | D:7      | Reached XP level 9. HP: 64/64 MP: 8/12
  9089 | D:7      | Reached skill level 9 in Unarmed Combat
  9121 | D:7      | Found an ancient bone altar of Kikubaaqudgha.
  9122 | D:7      | Found a hide-covered altar of Uskayaw.
  9123 | D:7      | Found a basalt altar of Yredelemnul.
  9123 | D:7      | Found a white marble altar of Elyvilon.
  9310 | D:7      | Found a blossoming altar of Fedhas.
  9755 | D:7      | Reached * piety under Wu Jian
  9766 | D:7      | Reached skill level 6 in Ice Magic
 10041 | D:8      | Found a staircase to the Lair.
 10068 | D:8      | Reached skill level 10 in Unarmed Combat
 10071 | D:8      | Reached skill level 7 in Ice Magic
 10397 | D:8      | Reached XP level 10. HP: 67/71 MP: 13/13
 10515 | D:8      | Found Tiwno's Armour Shoppe.
 10567 | D:8      | Reached skill level 8 in Ice Magic
 10606 | D:8      | Found a runed translucent door.
 10606 | D:8      | Found a shimmering altar of Xom.
 10606 | D:8      | Noticed pentaxis93's ghost (novice DrTm)
 10606 | D:8      | Noticed a +0 falchion of chaos
 10795 | D:9      | Found a radiant altar of Vehumet.
 10820 | D:9      | Found a burning altar of Makhleb.
 10884 | D:9      | Reached skill level 1 in Evocations
 11002 | D:9      | Reached skill level 2 in Evocations
 11016 | D:9      | Reached skill level 11 in Unarmed Combat
 11027 | D:9      | Reached skill level 3 in Evocations
 11031 | D:9      | Reached ** piety under Wu Jian
 11300 | D:9      | Found an iron altar of Okawaru.
 11303 | D:9      | Found a stormy altar of Qazlal.
 11306 | D:9      | Found a bloodstained altar of Trog.
 11378 | D:9      | Reached skill level 4 in Evocations
 11436 | D:8      | Lost mutation: You are weak. (Str -2) [potion of mutation]
 11436 | D:8      | Gained mutation: Your magical capacity is low. (-10% MP)
                  | [potion of mutation]
 11436 | D:8      | Gained mutation: You have large cloven feet. [potion of
                  | mutation]
 11436 | D:8      | Gained mutation: You have a pair of small horns on your
                  | head. [potion of mutation]
 11436 | D:8      | Gained mutation: You are robust. (+10% HP) [potion of
                  | mutation]
 11470 | D:10     | Entered Level 10 of the Dungeon
 11471 | D:10     | Noticed a cyclops
 11481 | D:10     | Killed a cyclops
 11623 | Lair:1   | Entered Level 1 of the Lair of Beasts
 11664 | Lair:1   | Reached skill level 5 in Evocations
 11775 | Lair:1   | Reached skill level 12 in Unarmed Combat
 11797 | Lair:1   | HP: 3/78 [swamp worm (15)]
 11798 | Lair:1   | Slain by a demonic crawler

Vanquished Creatures
  A cyclops (D:10)
  2 komodo dragons (Lair:1)
  9 yaks
  Sigmund (D:6)
  A wyvern (D:8)
  A basilisk (Lair:1)
  A steam dragon (D:7)
  A chaos spawn (D:10)
  2 water moccasins
  3 ice beasts
  3 phantoms
  A sky beast (D:9)
  7 black bears
  7 ogres
  An eye of draining (D:9)
  5 centaurs
  2 bullfrogs
  2 scorpions
  9 killer bees
  3 howler monkeys (D:8)
  A crimson imp (D:9)
  4 hounds
  A jelly (D:5)
  An orc priest (D:7)
  2 bullfrog skeletons
  2 iguanas
  6 orc wizards
  6 worker ants
  A killer bee zombie (D:7)
  A hound zombie (D:7)
  A hound skeleton (D:4)
  A howler monkey skeleton (D:4)
  4 gnolls (D:5)
  11 adders
  2 shadow imps (D:8)
  A white imp (D:5)
  An ufetubus (D:7)
  An ooze (D:1)
  An adder zombie (D:9)
  2 adder skeletons
  2 worms
  4 leopard geckos
  24 orcs
  2 ball pythons
  5 bats
  3 giant cockroaches
  12 goblins
  7 hobgoblins
  3 jackals (D:4)
  7 kobolds
  3 quokkas
  A frilled lizard (D:5)
  A giant cockroach zombie (D:6)
  2 leopard gecko skeletons
  A leopard gecko zombie (D:5)
  6 rats
195 creatures vanquished.

Vanquished Creatures (others)
  An orc wizard (D:4)
  A fungus (Lair:1)
  6 plants
8 creatures vanquished.

Grand Total: 203 creatures vanquished

Table legend: (Time is in decaauts)
 A = Elapsed time spent in this place.
 B = Non-inter-level travel time spent in this place.
 C = Inter-level travel time spent in this place.
 D = Time resting spent in this place.
 E = Time spent auto-exploring this place.
 F = Levels seen in this place.
 G = Mean time per level.
                   A        B        C        D        E       F      G
               +--------+--------+--------+--------+--------+-----+--------+
         Total |  11690 |  11298 |    392 |   1263 |   8463 |  12 |  974.2 |
       Dungeon |  11257 |  10947 |    310 |   1186 |   8263 |  10 | 1125.7 |
        Temple |    263 |    182 |     81 |      0 |    166 |   1 |  263.0 |
          Lair |    169 |    169 |      0 |     77 |     34 |   1 |  169.0 |
               +--------+--------+--------+--------+--------+-----+--------+

Top non-repeatable levels by time:
     D:4: 2057 daAuts
     D:7: 1563 daAuts
     D:3: 1480 daAuts
     D:5: 1457 daAuts
     D:2: 1345 daAuts
     D:6: 1152 daAuts
     D:9: 792 daAuts
     D:8: 734 daAuts
     D:1: 652 daAuts
  Temple: 263 daAuts
  Lair:1: 169 daAuts
    D:10: 20 daAuts

Table legend:
 A = Non-vault XP
 B = Vault XP
 C = Vault XP percentage of total XP
 D = Non-vault monster count
 E = Vault monster count
 F = Vault count percentage of total count
                 A         B        C        D         E       F
            +---------+---------+-------+---------+---------+-------
      Total |    9077 |    1145 |  11.2 |     178 |      18 |   9.2
            +---------+---------+-------+---------+---------+-------
        D:1 |      17 |       0 |   0.0 |       7 |       0 |   0.0
        D:2 |      75 |       0 |   0.0 |      10 |       0 |   0.0
        D:3 |     187 |       0 |   0.0 |      35 |       0 |   0.0
        D:4 |     397 |      22 |   5.3 |      21 |      11 |  34.4
        D:5 |     979 |       0 |   0.0 |      24 |       0 |   0.0
        D:6 |     237 |     212 |  47.2 |       4 |       1 |  20.0
        D:7 |    1506 |       0 |   0.0 |      28 |       0 |   0.0
        D:8 |    1620 |     684 |  29.7 |      25 |       4 |  13.8
        D:9 |    2044 |      48 |   2.3 |      17 |       1 |   5.6
       D:10 |     659 |     179 |  21.4 |       2 |       1 |  33.3
     Lair:1 |    1356 |       0 |   0.0 |       5 |       0 |   0.0
            +---------+---------+-------+---------+---------+-------
